AoeStats
← shinwarixd

Arabia

508359708Analyzed
1v1 RM · 9d ago on Sep 22, 2026· 30m 2s· 2 players
Game mode
Random Map
Map size
Tiny (2 player)
Population
200
Speed
Normal
Resources
Standard
Victory
Conquest
Starting age
Dark Age
Ending age
Imperial Age
RankedLock teamsTeams togetherTeam positionsShared explorationLock speedFull tech treeHidden civsTurbo modeCheats
Victory
Defeat
🇦🇷 Tupi · Argentina
1684
+15
🇵🇰 Vikings · Pakistan
1669
-15
shinwarixd
6:24 Loom
9:09 Feudal Age
9:45 Double-Bit Axe
12:12 Fletching
19:41 Castle Age
18:46 Padded Archer Armor
18:29 Horse Collar
19:42 Crossbowman
20:17 Bodkin Arrow
22:55 Leather Archer Armor
27:01 Town Watch
28:01 Gold Mining
29:25 Scale Barding Armor
Jhoonas
7:13 Loom
10:27 Feudal Age
14:45 Castle Age
17:45 Fletching
19:14 Town Watch
20:28 Bodkin Arrow
26:55 Double-Bit Axe
Connection lost

Rejoining the realm…

Still unreachable

The connection could not be restored.

Session expired

The server has moved on; the page needs a fresh start.